 Dungeon Crawl Stone Soup version 0.27-a0-277-g024f7ef292 (webtiles) character file.

Game seed: 154882261598595609

30 tsouns the Skirmisher (level 3, -1/35 HPs)
             Began as a Palentonga Delver on Feb 5, 2021.
             Slain by an orc priest
             ... wielding a +0 morningstar
              (5 damage)
             ... on level 5 of the Dungeon.
             The game lasted 00:01:20 (335 turns).

tsouns the Skirmisher (Palentonga Delver)            Turns: 335, Time: 00:01:20

Health: -1/35      AC:  5    Str: 16    XL:     3   Next: 3%
Magic:  3/3        EV:  8    Int: 10    God:
Gold:   0          SH:  0    Dex: 11    Spells: 2/2 levels left

rFire    . . .     SeeInvis +     - Unarmed
rCold    . . .     Faith    .   (no shield)
rNeg     . . .     Spirit   .   g - +0 ring mail
rPois    .         Reflect  .   (no helmet)
rElec    .         Harm     .   (no cloak)
rCorr    .         Rampage  .   (no gloves)
Will     .....                  (no barding)
Stlth    ++........             (no amulet)
HPRegen  0.11/turn              (no ring)
MPRegen  0.08/turn              (no ring)

@: hasted, very quick
A: large, rugged brown scales 3, see invisible, deformed body, roll 1, armoured
tail
a: Rolling Charge


You were on level 5 of the Dungeon.
You visited 1 branch of the dungeon, and saw 1 of its levels.

Inventory:

Hand Weapons
 c - a +0 long sword of draining
Missiles
 h - 20 stones
Armour
 a - a +0 leather armour
 g - a +0 ring mail (worn)
Wands
 f - a wand of digging (3)
Scrolls
 b - a scroll of fog
 d - a scroll of fear
Potions
 i - a potion of might {unknown}
 j - a potion of degeneration {unknown}


   Skills:
 + Level 3.6 Fighting
 - Level 1.5 Dodging
 - Level 3.3 Stealth
 + Level 2.8 Unarmed Combat


You had 2 spell levels left.
You didn't know any spells.
Your spell library was empty.

Dungeon Overview and Level Annotations

Branches:
Dungeon (5/15)
 Temple: D:4-7

Altars:


Innate Abilities, Weirdness & Mutations

You are completely covered in rugged brown scales. (AC +3, +7% HP)
You have supernaturally acute eyesight. (SInv)
Armour fits poorly on your strangely shaped body.
You can roll at nearby foes to attack.
You have a long armoured tail.


Message History

The orc hits you but does no damage.
You hit the orc priest.
The orc priest is moderately wounded.
The orc priest barely misses you. The orc completely misses you.
You completely miss the orc priest.
Your tail-slap misses the orc priest.
The orc priest is moderately wounded.
The orc priest hits you with a +0 morningstar.
The orc hits you but does no damage. The orc hits you with a +0 flail!
You closely miss the orc priest.
Your tail-slap misses the orc priest.
The orc priest is moderately wounded.
The orc priest hits you with a +0 morningstar!
* * * LOW HITPOINT WARNING * * *
The orc closely misses you.
Unknown command.
You feel yourself speed up.
An orc comes into view.
The orc hits you with a +0 flail.
* * * LOW HITPOINT WARNING * * *
The orc priest hits you with a +0 morningstar.
You die...

*,,,,***** ♣)♣♣
**,* *,,,,,,,,*
♣.♣ **,**
********,** ♣.♣♣
*,** *,,* ♣♣.♣ *,*
**,* ♣.♣♣ *,* *,*
♣♣.♣♣ *,* *,**
♣..♣ *,* *,,* ♣..♣
**,* **,** ♣o@♣
**,** *,,* ♣oo♣
*,**
**,**#..#*******,*
*,,,o..>,,,,,,,,*
***#####*********


You could see an orc priest and 3 orcs.

Vanquished Creatures
  A worker ant (D:5)
  3 orcs (D:5)
4 creatures vanquished.

Notes
Turn   | Place    | Note
-------+----------+-------------------------------------------
     0 | D:5      | tsouns the Palentonga Delver began the quest for the Orb.
     0 | D:5      | Reached XP level 1. HP: 20/20 MP: 1/1
   231 | D:5      | Noticed a worker ant
   238 | D:5      | Killed a worker ant
   239 | D:5      | Reached XP level 2. HP: 20/27 MP: 2/2
   322 | D:5      | Reached XP level 3. HP: 32/35 MP: 3/3
   335 | D:5      | Slain by an orc priest

Illustrated notes

Levels and vault maps discovered:
D:5:      kb_forest_paths, layout_rooms

Action                   || total
-------------------------++-------
Melee: Unarmed           ||    18
       Long sword        ||     4
       Tailslap          ||     3
 Abil: Rolling Charge    ||     1
  Use: Scroll            ||     1
       Potion            ||     1
Armor: Ring mail         ||     7
Dodge: Dodged            ||     7

Table legend: (Time is in decaauts)
 A = Elapsed time spent in this place.
 B = Non-inter-level travel time spent in this place.
 C = Inter-level travel time spent in this place.
 D = Time resting spent in this place.
 E = Time spent auto-exploring this place.
 F = Levels seen in this place.
 G = Mean time per level.
                   A        B        C        D        E       F      G
               +--------+--------+--------+--------+--------+-----+--------+
         Total |    334 |    307 |     27 |      0 |    227 |   1 |  334.0 |
       Dungeon |    334 |    307 |     27 |      0 |    227 |   1 |  334.0 |
               +--------+--------+--------+--------+--------+-----+--------+

Top non-repeatable levels by time:
     D:5: 334 daAuts
